 Dungeon Crawl Stone Soup version 0.27.0-1-g7a089689b8 (webtiles) character file.

Game seed: 12205822142346099890

27 ZombieSheep the Skirmisher (level 2, 0/27 HPs)
             Began as a Minotaur Monk on Aug 5, 2021.
             Slain by a worm (8 damage)
             ... on level 2 of the Dungeon.
             The game lasted 00:01:22 (1050 turns).

ZombieSheep the Skirmisher (Minotaur Monk)          Turns: 1050, Time: 00:01:22

Health: 0/27       AC:  5    Str: 15    XL:     2   Next: 93%
Magic:  1/1        EV: 15    Int:  7    God:
Gold:   42         SH:  0    Dex: 12    Spells: 1/1 levels left

rFire    . . .     SeeInvis .   a - +1 falchion
rCold    . . .     Faith    .   (no shield)
rNeg     . . .     Spirit   .   c - +0 ring mail
rPois    .         Reflect  .   (helmet restricted)
rElec    .         Harm     .   (no cloak)
rCorr    .         Rampage  .   (no gloves)
Will     .....                  (no boots)
Stlth    +.........             (no amulet)
HPRegen  0.09/turn              h - +4 ring of evasion
MPRegen  0.07/turn              (no ring)

@: no status effects
A: horns 2, retaliatory headbutt
a: no special abilities


You were on level 2 of the Dungeon.
You visited 1 branch of the dungeon, and saw 2 of its levels.

You collected 42 gold pieces.

Inventory:

Hand Weapons
 a - a +1 falchion (weapon)
Armour
 b - a +0 robe
 c - a +0 ring mail (worn)
Jewellery
 h - a +4 ring of evasion (left hand)
Potions
 e - a potion of brilliance {unknown}
 f - a potion of lignification {unknown}
 i - a potion of flight {unknown}


   Skills:
 + Level 4.0 Fighting
 + Level 4.0 Long Blades
 + Level 1.4 Armour
 + Level 3.6 Dodging
 - Level 1.5 Stealth


You had one spell level left.
You didn't know any spells.
Your spell library contained the following spells:

 Spells                   Type           Power      Damage    Failure   Level
 Summon Small Mammal      Summ           0%         N/A       65%         1
 Call Canine Familiar     Summ           0%         N/A       95%         3
 Summon Guardian Golem    Hex/Summ       0%         N/A       95%         3


Dungeon Overview and Level Annotations

Branches:
Dungeon (2/15)

Altars:


Innate Abilities, Weirdness & Mutations

You have a pair of horns on your head.
You reflexively headbutt those who attack you in melee.


Message History

As you read the scroll labelled HUOLYKO IFUAH, it crumbles to dust.
It is a scroll of enchant weapon.
Your +0 falchion glows red for a moment.
As you read the scroll labelled QIACWA QEIXOZ, it crumbles to dust.
You feel momentarily disoriented.
It was a scroll of magic mapping.
h - a +4 ring of evasion (left hand)
(D) Dungeon
Where to? (? - help)
What level of the Dungeon? (default 1, ? - help)
There is a stone staircase leading down here.
You climb downwards.
Found 10 gold pieces.
There is a stone staircase leading up here.
You now have 33 gold pieces (gained 10).
Found a stone staircase leading up.
You now have 42 gold pieces (gained 9).
A worm comes into view.
Found 19 stones.
The worm barely misses you.
You hit the worm.
The worm is lightly wounded.
The worm misses you.
You hit the worm.
The worm is moderately wounded.
You hit the worm but do no damage.
The worm is moderately wounded.
The worm bites you!
You hit the worm. You headbutt the worm!
The worm is almost dead.
The worm bites you!
* * * LOW HITPOINT WARNING * * *
You are too injured to fight recklessly!
You are too injured to fight recklessly!
You are too injured to fight recklessly!
You hit the worm.
The worm is almost dead.
You barely miss the worm.
You headbutt the worm, but do no damage.
The worm is almost dead.
The worm bites you!
You die...

###### ...(..
......### ###
......... ..#
.........##.# #
....<.....#.#.#
.......##.#.#.#####
......w@...........
#.######.##.#.####
#.............#
#.............#
..##.........#
#..#.####.##.# ..
..#.# ##.####..#
#...# #........#
#...###.....##.#


You could see a worm.

Vanquished Creatures
  A bat (D:1)
  5 endoplasms (D:1)
  4 goblins (D:1)
  3 hobgoblins (D:1)
  A quokka (D:1)
  2 ball pythons (D:1)
  2 frilled lizards (D:1)
  4 kobolds (D:1)
  2 rats (D:1)
24 creatures vanquished.

Notes
Turn   | Place    | Note
-------+----------+-------------------------------------------
     0 | D:1      | ZombieSheep the Minotaur Monk began the quest for the Orb.
     0 | D:1      | Reached XP level 1. HP: 19/19 MP: 0/0
   178 | D:1      | Reached XP level 2. HP: 22/27 MP: 1/1
   239 | D:1      | Reached skill level 1 in Armour
  1050 | D:2      | Slain by a worm

Illustrated notes

Levels and vault maps discovered:
D:1:      heliophobic_arrival_battle_scene, layout_basic
D:2:      layout_basic, serial_park_tiny_2, minmay_octomino_j4

Skill      XL: |  1  2 |
---------------+-------+-----
Armour         | 1 |  1.4
Fighting       | 4 |  4.0
Long Blades    | 4 |  4.0
Dodging        | |  3.6
Stealth        | |  1.5

Action                   || total
-------------------------++-------
Melee: Falchion          ||    51
       Headbutt          ||     4
  Use: Scroll            ||     2
Armor: Ring mail         ||    13
Dodge: Dodged            ||    33
       Rpst.: Falchion   ||     9
